 Seeded DCSS version 0.29-a0-520-gc852659d43 (webtiles) character file.

Game seed: 9552341793505258686 (custom seed)

574 zeratav the Digger (level 7, -10/41 HPs)
             Began as an Octopode Earth Elementalist on May 31, 2022.
             Killed by divine providence
             ... invoked by an orc priest
              (12 damage)
             ... on level 5 of the Dungeon.
             The game lasted 00:03:55 (4686 turns).

zeratav the Digger (Octopode Earth Elementalist)    Turns: 4686, Time: 00:03:55

Health: -10/41     AC:  8    Str:  7    XL:     7   Next: 34%
Magic:  12/13      EV: 13    Int: 20    God:
Gold:   288        SH:  5    Dex: 12    Spells: 10/14 levels left

rFire   . . .      SeeInvis .   k - +2 dagger (protect) {short}
rCold   . . .      Faith    .   (no shield)
rNeg    . . .      Spirit   .   (helmet restricted)
rPois   .          Reflect  +   t - amulet of reflection
rElec   .          Harm     .   q - ring of wizardry
rCorr   .          Rampage  .   r - ring of willpower
Will    +....                   (no ring)
Stlth   +++.......              (no ring)
HPRegen 0.13/turn               (no ring)
MPRegen 0.13/turn               (no ring)
                                (no ring)
                                (no ring)

@: under a protective aura
A: almost no armour, amphibious, 8 rings, camouflage 1, gelatinous body 1,
(nimble swimmer 1), tentacles
a: no special abilities


You were on level 5 of the Dungeon.
You visited 1 branch of the dungeon, and saw 5 of its levels.

You collected 288 gold pieces.


Innate Abilities, Weirdness & Mutations

You cannot wear most types of armour.
You are amphibious.
You can wear up to eight rings at the same time.
Your skin changes colour to match your surroundings (Stealth+).
Your rubbery body absorbs attacks. (AC +1, EV +1)
((You are camouflaged when in or above water. (Stealth+)))
You have tentacles for arms and can constrict up to eight enemies at once.


   Skills:
 - Level 2.0 Dodging
 - Level 2.6 Stealth
 + Level 4.4 Spellcasting
 - Level 1.0 Transmutations
 * Level 6.9 Earth Magic


You had 10 spell levels left.
You knew the following spells:

 Your Spells              Type           Power      Damage    Failure   Level
a - Sandblast             Erth           64%        2d14      1%          1
b - Stone Arrow           Conj/Erth      36%        3d9       3%          3

Your spell library contained the following spells:

 Spells                   Type           Power      Damage    Failure   Level
 Passwall                 Tmut/Erth      16%        N/A       1%          2
 Petrify                  Tmut/Erth      20%        N/A       10%         4
 Iskenderun's Battlesphe  Conj           4%         2d6       77%         5
 Iron Shot                Conj/Erth      9%         9d3       85%         6
 Spellforged Servitor     Conj/Summ      2%         N/A       100%        7

Inventory:

Hand Weapons
 k - a +2 dagger of protection (weapon) {short}
   (You took it off a kobold on level 2 of the Dungeon)
Missiles
 a - 132 stones {throwing}
Jewellery
 q - a ring of wizardry (left tentacle)
   (You found it on level 3 of the Dungeon)
 r - a ring of willpower (right tentacle)
   (You found it on level 4 of the Dungeon)
 t - an amulet of reflection (around mantle)
   (You found it on level 4 of the Dungeon)
 w - a +6 ring of strength
   (You took it off an orc on level 5 of the Dungeon)
Wands
 n - a wand of iceblast (7)
   (You found it on level 3 of the Dungeon)
Scrolls
 c - 2 scrolls of amnesia {unknown}
 e - 2 scrolls of teleportation {unknown}
 i - 2 scrolls of fear {unknown}
 j - 3 scrolls of fog {unknown}
 l - 3 scrolls of vulnerability {unknown}
 m - a scroll of immolation {unknown}
 p - 4 scrolls of identify {unknown}
 s - a scroll of enchant weapon {unknown}
 v - a scroll of poison {unknown}
Potions
 b - a potion of magic
 d - 2 potions of heal wounds {unknown}
 f - a potion of berserk rage {unknown}
 g - 2 potions of flight {unknown}
 h - 4 potions of curing {unknown}
 o - 2 potions of brilliance {unknown}
 u - a potion of might {unknown}

Dungeon Overview and Level Annotations

Branches:
Dungeon (5/15)
 Temple: D:4-7

Altars:
Qazlal
Trog
Uskayaw
Vehumet
Xom
Yredelemnul
The Shining One

#........#....
#..........###
#++####...?...##
#.............#
#............## ##
####.............####. .
#.....................
....####........#..##...
♣....no@..)..#####.#...#
.....###o##.## #######
... ...##..# ≈.. # #
..#.####.# ≈..≈ # .. #.
.# ..≈≈≈≈ # . .. .#
≈###≈ # .## .# # # #


You could see a necrophage, an orc priest and an orc (resistant).


Message History

Your weapon exudes an aura of protection.
You grab the orc. You constrict the orc. The orc closely misses you.
An orc priest comes into view. It is wielding a +0 short sword.
An orc wizard comes into view. It is wielding a +1 dagger of venom.
A necrophage comes into view.
The orc wizard shouts!
You hit the orc.
You kill the orc!
A scorpion comes into view.
The orc wizard gestures wildly while chanting.
The orc wizard flickers and vanishes!
Deactivating autopickup; reactivate with Ctrl-A.
Things that are here:
a +0 dagger {short}; a +6 ring of strength; a scroll labelled LEAKHIPUHE HP[+1]
w - a +6 ring of strength The orc drinks a potion.
The orc suddenly seems more resistant.
MP[+1]
Your mp is fully restored (13).
You hit the orc wizard but do no damage.
Your grab misses the orc wizard. Your squeeze misses the orc wizard.
The orc wizard gestures at you while chanting.
The magic dart hits you.
HP[-2]
You take 2 damage, and now have 35/41 hp.
You hit the orc wizard. Your grab misses the orc wizard.
The orc wizard hits you but does no damage.
You hit the orc wizard but do no damage.
You grab the orc wizard. You constrict the orc wizard.
The orc wizard barely misses you.
You hit the orc wizard but do no damage.
You constrict the orc wizard. The orc wizard closely misses you.
You hit the orc wizard. You constrict the orc wizard.
The orc wizard hits you but does no damage.
You hit the orc wizard. You squeeze the orc wizard.
You kill the orc wizard!
HP[+1]
You hit the scorpion. You grab the scorpion. You squeeze the scorpion!
You constrict the scorpion. You block the scorpion's attack.
The orc closely misses you.
You barely miss the scorpion. You squeeze the scorpion.
You constrict the scorpion. You block the scorpion's attack.
The orc hits you but does no damage. The scorpion stings you.
The orc priest barely misses you.
HP[-1]
You take 1 damage, and now have 35/41 hp.
You hit the scorpion but do no damage. You constrict the scorpion.
The scorpion barely misses you.
The orc priest invokes the aid of Beogh against you.
Beogh smites you! The orc hits you but does no damage.
HP[-12]
You take 12 damage, and now have 23/41 hp.
MASSIVE DAMAGE!! (PAUSE)
You hit the scorpion. You constrict the scorpion.
The scorpion stings you but does no damage.
The orc hits you with a +0 dagger.
The orc priest calls down the wrath of Beogh upon you.
Beogh smites you!
* * * LOW HITPOINT WARNING * * *
HP[-11]
You take 11 damage, and now have 12/41 hp.
MASSIVE DAMAGE!! (PAUSE)
You hit the scorpion but do no damage.
You constrict the scorpion, but do no damage.
The scorpion closely misses you. The orc barely misses you.
The orc priest barely misses you.
You hit the scorpion but do no damage. You constrict the scorpion.
The scorpion barely misses you. You block the orc's attack.
The orc priest hits you but does no damage.
You hit the scorpion.
You kill the scorpion!
The orc priest calls down the wrath of Beogh upon you.
Beogh smites you!
* * * LOW HITPOINT WARNING * * *
The orc hits you but does no damage.
HP[-10]
You take 10 damage, and now have 2/41 hp.
MASSIVE DAMAGE!! (PAUSE)
Casting: Sandblast (safe; 1% risk of failure)
Confirm with . or Enter, or press ? or * to list all spells.
Aiming: Sandblast (safe; 1% risk of failure)
Press: ? - help, Shift-Dir - straight line, f - orc priest
Aim: an orc priest, wielding a +0 short sword and wearing a +0 chain mail (87% to hit)
The blast of sand hits the orc priest!
The orc barely misses you.
The orc priest hits you with a +0 short sword.
* * * LOW HITPOINT WARNING * * *
MP[-1]
You lost 1 mp, and now have 12/13 mp.
You hit the orc priest. You grab the orc priest.
You squeeze the orc priest, but do no damage.
You constrict the orc priest, but do no damage.
You block the orc priest's attack. The orc hits you but does no damage.
You hit the orc priest but do no damage.
You tentacle-slap the orc priest, but do no damage.
You constrict the orc priest, but do no damage.
The orc hits you but does no damage.
The orc priest invokes the aid of Beogh against you.
Beogh smites you!
You die...

Skill      XL: |  1  2  3  4  5  6 |
---------------+-------------------+-----
Earth Magic    | 4 5 6 |  6.9
Spellcasting   | 3 4 |  4.4
Dodging        | |  2.0
Stealth        | |  2.6
Transmutations | |  1.0

Action                   |  1- 3 |  4- 6 |  7- 9 || total
-------------------------+-------+-------+-------++-------
Melee: Short sword       |    48 |       |       ||    48
       Constrict         |    18 |    19 |     7 ||    44
       Tentacles         |    11 |    18 |     4 ||    33
       Unarmed           |     2 |       |       ||     2
       Punch             |     1 |     3 |     1 ||     5
       Dagger            |     6 |    85 |    26 ||   117
 Cast: Sandblast         |     6 |     6 |     7 ||    19
 Stab: Sleeping          |     8 |    10 |     1 ||    19
Armor: Skin              |     5 |    18 |    11 ||    34
Dodge: Dodged            |    38 |    51 |    18 ||   107
Block: Other             |       |     2 |     5 ||     7

Levels and vault maps discovered:
D:1:      co_arrival_random_square_maze, layout_loops_ring, chequers_big_river
D:2:      layout_loops_cross, uniq_sigmund, uniq_jessica
D:3:      layout_basic, grunt_temple_overflow_open,
          ebering_ecumenical_altar_mist, chequers_serial_rivers_large_b,
          lexackson_kobold_supper
D:4:      layout_basic
D:5:      layout_rooms, mainiacjoe_overflow_alcove_1,
          nicolae_wu_jian_wuxing_cycle, serial_aquarium, aquarium_bridge_square
          [aquarium_subvault_window, aquarium_subvault_wall,
          aquarium_subvault_bridge, aquarium_subvault_wall],
          aquarium_window_fake, aquarium_window_corner, aquarium_view_2c,
          aquarium_view_2e, aquarium_pool_five, grunt_ministairs_9,
          minmay_shop_mass, minmay_misc_feat_room, kennysheep_generic_room_4,
          uniq_menkaure

Notes
Turn   | Place    | Note
-------+----------+-------------------------------------------
     0 | D:1      | zeratav the Octopode Earth Elementalist began the quest for
                  | the Orb.
     0 | D:1      | Reached XP level 1. HP: 11/11 MP: 3/3
     0 | D:1      | magus.rc [v1.9.6]
   284 | D:1      | Reached XP level 2. HP: 14/17 MP: 5/5
   757 | D:1      | Reached XP level 3. HP: 12/21 MP: 6/6
  1626 | D:2      | Reached skill level 4 in Earth Magic
  1751 | D:2      | Noticed Jessica
  1775 | D:2      | Killed Jessica
  1776 | D:2      | Reached XP level 4. HP: 17/27 MP: 5/8
  1926 | D:2      | Noticed Sigmund
  1931 | D:2      | Killed Sigmund
  1932 | D:2      | Reached skill level 3 in Spellcasting
  1932 | D:2      | Reached skill level 5 in Earth Magic
  1932 | D:2      | Reached XP level 5. HP: 29/31 MP: 5/10
  1932 | D:2      | Reached XP level 6. HP: 34/36 MP: 5/11
  2270 | D:3      | Found a radiant altar of Vehumet.
  2283 | D:3      | HP: 9/36 [orc/+0 short sword (3)]
  2525 | D:3      | Found a shimmering altar of Xom.
  2525 | D:3      | Found a stormy altar of Qazlal.
  2527 | D:3      | Found a basalt altar of Yredelemnul.
  2527 | D:3      | Found a hide-covered altar of Uskayaw.
  2527 | D:3      | Found a glowing golden altar of the Shining One.
  2537 | D:3      | Found a bloodstained altar of Trog.
  3007 | D:3      | Learned a level 3 spell: Stone Arrow
  3168 | D:3      | Found a faded altar of an unknown god.
  3714 | D:4      | Reached skill level 6 in Earth Magic
  3902 | D:4      | You pick up a book of Power and begin reading...
  3902 | D:4      | You add the spells Iskenderun's Battlesphere, Iron Shot and
                  | Spellforged Servitor to your library.
  4143 | D:5      | Entered Level 5 of the Dungeon
  4147 | D:5      | Reached skill level 4 in Spellcasting
  4239 | D:5      | Reached XP level 7. HP: 29/41 MP: 11/13
  4683 | D:5      | HP: 2/41 [orc priest/divine providence (10)]
  4686 | D:5      | Killed from afar by an orc priest

Vanquished Creatures
  Sigmund (D:2)
  A scorpion (D:5)
  A howler monkey (D:5)
  2 hounds
  Jessica (D:2)
  3 iguanas
  2 orc wizards
  An adder (D:5)
  2 ufetubi
  5 dart slugs
  8 orcs
  4 ball pythons
  5 endoplasms
  2 giant cockroaches (D:1)
  A goblin (D:4)
  5 hobgoblins
  2 jackals (D:1)
  3 quokkas
  3 bats
  6 frilled lizards
  11 kobolds
  7 rats
76 creatures vanquished.

Vanquished Creatures (others)
  4 fungi (D:5)
  5 plants
9 creatures vanquished.

Grand Total: 85 creatures vanquished

Table legend:
 A = Non-vault XP
 B = Vault XP
 C = Vault XP percentage of total XP
 D = Non-vault monster count
 E = Vault monster count
 F = Vault count percentage of total count
                 A         B        C        D         E       F
            +---------+---------+-------+---------+---------+-------
      Total |     414 |     406 |  49.5 |      64 |      12 |  15.8
            +---------+---------+-------+---------+---------+-------
        D:1 |      38 |       0 |   0.0 |      20 |       0 |   0.0
        D:2 |      15 |     268 |  94.7 |       9 |       2 |  18.2
        D:3 |      68 |      12 |  15.0 |      17 |       8 |  32.0
        D:4 |      99 |       0 |   0.0 |       9 |       0 |   0.0
        D:5 |     194 |     126 |  39.4 |       9 |       2 |  18.2
            +---------+---------+-------+---------+---------+-------

Illustrated notes

Table legend:
 A = Kills in this place as a percentage of kills in entire the game.
 B = Kills by you in this place as a percentage of kills by you in the entire game.
 C = Kills by friends in this place as a percentage of kills by friends in the entire game.
 D = Other kills in this place as a percentage of other kills in the entire game.
 E = Experience gained in this place as a percentage of experience gained in the entire game.
 F = Experience gained in this place divided by the number of levels of this place that you have seen.
                   A       B       C       D       E      F
               +-------+-------+-------+-------+-------+----------------------
         Total | 100.0 | 100.0 |   N/A |   N/A | 100.0 | 164.0
       Dungeon | 100.0 | 100.0 |   N/A |   N/A | 100.0 | 164.0
               +-------+-------+-------+-------+-------+----------------------

Table legend: (Time is in decaauts)
 A = Elapsed time spent in this place.
 B = Non-inter-level travel time spent in this place.
 C = Inter-level travel time spent in this place.
 D = Time resting spent in this place.
 E = Time spent auto-exploring this place.
 F = Levels seen in this place.
 G = Mean time per level.
                   A        B        C        D        E       F      G
               +--------+--------+--------+--------+--------+-----+--------+
         Total |   4688 |   4595 |     93 |    427 |   3604 |   5 |  937.6 |
       Dungeon |   4688 |   4595 |     93 |    427 |   3604 |   5 |  937.6 |
               +--------+--------+--------+--------+--------+-----+--------+

Top non-repeatable levels by time:
     D:2: 1381 daAuts
     D:3: 1055 daAuts
     D:1: 1039 daAuts
     D:4: 669 daAuts
     D:5: 542 daAuts
